 Dungeon Crawl Stone Soup version 0.22-a0-351-g29664b4 (webtiles) character file.

44 khargal the Grasshopper (level 3, -1/32 HPs)
             Began as a Naga Warper on Apr 13, 2018.
             Slain by an orc wizard
             ... wielding a +0 dagger
              (5 damage)
             ... on level 2 of the Dungeon.
             The game lasted 00:03:59 (1746 turns).

khargal the Grasshopper (Naga Warper)               Turns: 1746, Time: 00:04:01

Health: -1/32      AC:  2    Str: 13 (14) XL:     3   Next: 60%
Magic:  2/6        EV: 10    Int: 11 (13) God:
Gold:   47         SH:  0    Dex: 10      Spells: 2/6 levels left

rFire    . . .     SeeInvis +   g - +0 dagger
rCold    . . .     Gourm    .   (no shield)
rNeg     . . .     Faith    .   b - +0 leather armour
rPois    +         Spirit   .   (no helmet)
rElec    .         Reflect  .   (no cloak)
rCorr    .         Harm     .   (no gloves)
MR       .....                  (no barding)
Stlth    +.........             (no amulet)
HPRegen  0.10/turn              (no ring)
MPRegen  0.10/turn              (no ring)

@: short of breath, very slightly contaminated, very slow
A: large, see invisible, deformed body, poison resistance, slowness 2, slow
metabolism 1, spit poison 1, AC +1
a: Spit Poison


You were on level 2 of the Dungeon.
You were hungry.

You visited 1 branch of the dungeon, and saw 2 of its levels.

You collected 47 gold pieces.

Inventory:

Hand Weapons
 g - a +0 dagger (weapon)
Missiles
 e - 5 tomahawks of dispersal (quivered)
Armour
 b - a +0 leather armour (worn)
 m - a +2 shield
Scrolls
 c - 2 scrolls of identify
 d - 2 scrolls of blinking
 j - a scroll of noise {unknown}
 k - 2 scrolls of remove curse {unknown}
 l - a scroll of teleportation {unknown}
 o - a scroll of enchant weapon
Potions
 a - a potion of berserk rage {unknown}
 h - a potion of lignification {unknown}
 n - a potion of agility {unknown}
Comestibles
 f - 3 rations
 i - 2 chunks of flesh


   Skills:
 + Level 2.1 Fighting
 + Level 2.7 Short Blades
 + Level 0.9 Throwing
 - Level 0.7 Armour
 + Level 2.3 Dodging
 + Level 1.0 Stealth
 + Level 2.0 Spellcasting
 + Level 3.1 Translocations


You had 2 spell levels left.
You knew the following spells:

 Your Spells              Type           Power        Failure   Level  Hunger
a - Blink                 Tloc           N/A          16%         2    ###....
b - Shroud of Golubria    Chrm/Tloc      #.........   28%         2    ###....


Dungeon Overview and Level Annotations

Branches:
Dungeon (2/15)

Altars:
Makhleb


Innate Abilities, Weirdness & Mutations

You cannot wear boots.
Your serpentine skin is tough. (AC +1)
You have supernaturally acute eyesight. (SInv)
Armour fits poorly on your strangely shaped body.
Your system is resistant to poisons. (rPois)
You cover ground very slowly.
You have a slow metabolism.
You can spit poison.


Message History

Things that are here:
3 stones; a club; a kobold corpse The orc wizard casts a spell at you.
The magic dart hits you!
* * * LOW HITPOINT WARNING * * *
The orc barely misses you.
The orc wizard mumbles some strange words.
The orc wizard blinks!
The orc hits you.
* * * LOW HITPOINT WARNING * * *
Press: ? - help, Shift-Dir - straight line, f - orc
Aim: an orc, wearing a ring mail The splash of poison hits the orc.
The orc is poisoned.
The orc is severely wounded.
You feel slightly more hungry.
The orc wizard gestures wildly while chanting.
The orc wizard blinks!
The orc hits you.
* * * LOW HITPOINT WARNING * * *
The orc wizard hits you with a dagger.
You die...

.. #..........#.##.. .. .##
#..........#..##. ... ...
#..........###.## .... ..#
#....##+#.#.##_# ....### #.#
#....##.....##### ......$ #.#
#....##.....# #.. .......##.#
#...........# #..
.......ยง#.###...........#
#..
........o.oo@...........###..
#.......#).o...#.............
#.......#......#.............
#.......#......######..>.....
#.......#......# #........
#.......#......# #........
#.......######## #........
......... #.####### #........


You could see an orc wizard and 3 orcs.

Vanquished Creatures
  2 oozes
  5 bats
  2 giant cockroaches (D:1)
  4 goblins
  2 hobgoblins (D:2)
  3 jackals (D:1)
  3 kobolds
  3 quokkas (D:2)
  A ball python (D:2)
  4 frilled lizards
  4 rats
33 creatures vanquished.

Vanquished Creatures (others)
  5 toadstools (D:1)
5 creatures vanquished.

Grand Total: 38 creatures vanquished

Notes
Turn   | Place    | Note
-------+----------+-------------------------------------------
     0 | D:1      | khargal the Naga Warper began the quest for the Orb.
     0 | D:1      | Reached XP level 1. HP: 19/19 MP: 3/3
   164 | D:1      | Reached XP level 2. HP: 26/26 MP: 5/5
   174 | D:1      | Learned a level 2 spell: Blink
   177 | D:1      | Learned a level 2 spell: Shroud of Golubria
   879 | D:1      | You fall through a shaft!
   886 | D:2      | Reached XP level 3. HP: 32/32 MP: 6/6
  1000 | D:2      | Reached skill level 1 in Stealth
  1546 | D:2      | Found a burning altar of Makhleb.
  1746 | D:2      | Slain by an orc wizard

Vault maps used:
D:1:      ldierk_walled_garden
D:2:      marbit_many_paths

Skill      XL: |  1  2  3 |
---------------+----------+-----
Dodging        | 2 |  2.3
Stealth        | 1 |  1.0
Fighting       | |  2.1
Short Blades   | |  2.7
Throwing       | |  0.9
Armour         | |  0.7
Spellcasting   | |  2.0
Translocations | |  3.1

Action                   || total
-------------------------++-------
Melee: Short sword       ||    28
       Dagger            ||    83
 Cast: Shroud of Golubri ||     1
 Abil: Spit Poison       ||    14
  Use: Scroll            ||     2
       Potion            ||     1
  Eat: Chunk             ||     2
Armor: Leather armour    ||    36
Dodge: Dodged            ||    85

Table legend:
 A = Spawn XP
 B = Non-spawn XP
 C = Spawn XP percentage of total XP
 D = Spawn monster count
 E = Non-spawn monster count
 F = Spawn count percentage of total count
 G = Total turns spent on level
                    A         B        C        D         E        F      G
               +---------+---------+-------+---------+---------+-------+---------
         Total |       0 |      63 |   0.0 |       0 |      33 |   0.0 |  1746
               +---------+---------+-------+---------+---------+-------+---------
           D:1 |       0 |      30 |   0.0 |       0 |      14 |   0.0 |   879
           D:2 |       0 |      33 |   0.0 |       0 |      19 |   0.0 |   867
               +---------+---------+-------+---------+---------+-------+---------
